 Dungeon Crawl Stone Soup version 0.29-a0-841-g116ddc6ace (webtiles) character file.

Game seed: 16588431100935885136

233 zeratav the Stinger (level 6, -2/36 HPs)
             Began as an Octopode Venom Mage on July 14, 2022.
             Slain by a black bear (6 damage)
             ... on level 4 of the Dungeon.
             The game lasted 00:05:21 (4217 turns).

zeratav the Stinger (Octopode Venom Mage)           Turns: 4217, Time: 00:05:22

Health: -2/36      AC:  1    Str:  7    XL:     6   Next: 4%
Magic:  2/9        EV: 13    Int: 19    God:
Gold:   207        SH:  0    Dex: 13    Spells: 4/9 levels left

rFire   + . .      SeeInvis +   k - +0 dagger {short}
rCold   . . .      Faith    .   (no shield)
rNeg    . . .      Spirit   .   (helmet restricted)
rPois   .          Reflect  .   o - amulet of magic regeneration {@e2}
rElec   .          Harm     .   d - ring of protection from fire
rCorr   +          Rampage  .   e - ring of resist corrosion
Will    .....                   u - ring of see invisible
Stlth   ++++......              (no ring)
HPRegen 0.12/turn               (no ring)
MPRegen 0.51/turn               (no ring)
                                (no ring)
                                (no ring)

@: no status effects
A: almost no armour, amphibious, 8 rings, camouflage 1, gelatinous body 1,
(nimble swimmer 1), tentacles
a: no special abilities


You were on level 4 of the Dungeon.
You visited 1 branch of the dungeon, and saw 4 of its levels.

You collected 207 gold pieces.


Innate Abilities, Weirdness & Mutations

You cannot wear most types of armour.
You are amphibious.
You can wear up to eight rings at the same time.
Your skin changes colour to match your surroundings (Stealth+).
Your rubbery body absorbs attacks. (AC +1, EV +1)
((You are camouflaged when in or above water. (Stealth+)))
You have tentacles for arms and can constrict up to eight enemies at once.


   Skills:
 - Level 2.0 Dodging
 - Level 5.0 Stealth
 - Level 2.0 Spellcasting
 - Level 1.0 Transmutations
 + Level 7.0 Poison Magic


You had 4 spell levels left.
You knew the following spells:

 Your Spells              Type           Power      Damage    Failure   Level
a - Sting                 Tmut/Pois      68%        1d6       3%          1
b - Olgreb's Toxic Radia  Pois           28%        N/A       10%         4

Your spell library contained the following spells:

 Spells                   Type           Power      Damage    Failure   Level
 Poisonous Vapours        Pois/Air       30%        N/A       6%          2
 Mephitic Cloud           Conj/Pois/Air  10%        N/A       19%         3
 Leda's Liquefaction      Hex/Erth       0%         N/A       86%         4
 Lee's Rapid Deconstruct  Erth           0%         3d5*      99%         5
 Statue Form              Tmut/Erth      2%         N/A       100%        6
 Malign Gateway           Summ/Tloc      0%         N/A       100%        7
 Summon Horrible Things   Summ           0%         N/A       100%        8

Inventory:

Hand Weapons
 k - a +0 dagger (weapon) {short}
   (You took it off a kobold on level 1 of the Dungeon)
Armour
 c - a +0 buckler
   (You found it on level 2 of the Dungeon)
 n - a +2 hat
   (You found it on level 2 of the Dungeon)
Jewellery
 d - a ring of protection from fire (left tentacle)
   (You found it on level 1 of the Dungeon)
 e - a ring of resist corrosion (right tentacle)
   (You found it on level 1 of the Dungeon)
 o - an amulet of magic regeneration (around mantle) {@e2}
   (You found it on level 2 of the Dungeon)
 u - a ring of see invisible (on tentacle)
   (You found it on level 3 of the Dungeon)
Wands
 w - a wand of roots (13)
   (You found it on level 4 of the Dungeon)
Scrolls
 b - a scroll of poison {unknown}
 f - a scroll of immolation {unknown}
 h - 2 scrolls of teleportation {unknown}
 l - 3 scrolls of identify {unknown}
 m - a scroll of noise {unknown}
 s - 2 scrolls of enchant weapon {unknown}
 v - a scroll of magic mapping {unknown}
 x - 2 scrolls of blinking {unknown}
Potions
 a - a potion of magic
 g - 3 potions of curing {unknown}
 i - 2 potions of attraction {unknown}
 j - 2 potions of degeneration {unknown}
 p - 2 potions of heal wounds {unknown}
 q - 2 potions of mutation {unknown}
 r - a potion of berserk rage {unknown}
 t - a potion of ambrosia {unknown}

Dungeon Overview and Level Annotations

Branches:
Dungeon (4/15) Zot: 19779  Temple (0/1) D:4

Altars:

##...8...# #.#
†......#.# ##.....##
##.# <....###.#
##.......## ##..#
...### #
#.........####...##
8.##
+.........+....)..#
...###
#.........####...##
>....## #.......#
##..# ....... #.....#
##.### ##...8. #.@.#
#.#.## ##... ##h##
#....## #+# #.#
#.<...# #.# ##...## #.
##.## ##.##
#.####...## #.#
.....⌠....# #.#
#........## #.#
...⌠.>.⌠.###########.#


You could see a black bear (berserk, very poisoned).


Message History

HP[-10] MP[-4]
You take 10 damage, and now have 21/31 hp.
MASSIVE DAMAGE!! (PAUSE)
You lost 4 mp, and now have 4/8 mp.
You feel sick.
HP[-1] MP[+1]
You take 1 damage, and now have 20/31 hp.
You feel sick.
HP[-1]
You take 1 damage, and now have 19/31 hp.
You feel sick.
MP[+1]
You feel sick.
You are no longer poisoned.
HP[-1]
You take 1 damage, and now have 18/31 hp.
MP[+1]
Casting: Olgreb's Toxic Radiance (quite dangerous; 10% risk of failure)
Confirm with . or Enter, or press ? or * to list all spells.
Okay, then.
Casting: Olgreb's Toxic Radiance (quite dangerous; 10% risk of failure)
Confirm with . or Enter, or press ? or * to list all spells.
The spell is quite dangerous to miscast (10% risk of failure)!
Continue anyway?
You begin to radiate toxic energy.
The black bear is poisoned.
The black bear looks even sicker.
MP[-3]
You lost 3 mp, and now have 4/8 mp.
Your toxic aura wanes.
MP[+1]
Casting: Olgreb's Toxic Radiance (quite dangerous; 10% risk of failure)
Confirm with . or Enter, or press ? or * to list all spells.
The spell is quite dangerous to miscast (10% risk of failure)!
Continue anyway?
You begin to radiate toxic energy.
MP[-4]
You lost 4 mp, and now have 1/8 mp.
The black bear looks even sicker.
Your toxic aura wanes.
Your magical contamination has completely faded away.
MP[+1] HP[+1] MP[+1] MP[+1]
Casting: Olgreb's Toxic Radiance (quite dangerous; 10% risk of failure)
Confirm with . or Enter, or press ? or * to list all spells.
The spell is quite dangerous to miscast (10% risk of failure)!
Continue anyway?
You begin to radiate toxic energy.
The black bear looks even sicker.
MP[-4]
You lost 4 mp, and now have 0/8 mp.
Your toxic aura wanes.
MP[+1] MP[+1]
You open the door.
An adder comes into view.
MP[+1]
A hobgoblin comes into view.
There is an open door here.
The helpless adder fails to defend itself.
You impale the adder!!
You kill the adder!
The black bear goes berserk!
Your Poison Magic skill increases to level 7!
You have reached level 6!
HP[+4] MP[+1]
You now have 36 max hp (+5).
You regained 4 hp, and now have 23/36 hp.
Casting: Olgreb's Toxic Radiance (quite dangerous; 10% risk of failure)
Confirm with . or Enter, or press ? or * to list all spells.
The spell is quite dangerous to miscast (10% risk of failure)!
Continue anyway?
You begin to radiate toxic energy.
The hobgoblin shouts!
The hobgoblin is poisoned.
The hobgoblin looks even sicker.
MP[-4]
You lost 4 mp, and now have 0/9 mp.
The black bear looks even sicker.
You kill the hobgoblin!
Your toxic aura wanes.
You see here an adder corpse.
MP[+1]
You hit the black bear but do no damage.
You grab the black bear. You squeeze the black bear.
You constrict the black bear, but do no damage.
The black bear barely misses you. The black bear misses you.
The black bear claws you.
HP[-3]
You take 3 damage, and now have 20/36 hp.
You hit the black bear.
You squeeze the black bear, but do no damage.
You constrict the black bear, but do no damage.
The black bear bites you.
* * * LOW HITPOINT WARNING * * *
The black bear claws you.
* * * LOW HITPOINT WARNING * * *
The black bear barely misses you. The black bear closely misses you. x2
The black bear claws you!
* * * LOW HITPOINT WARNING * * *
HP[-16] MP[+1]
You take 16 damage, and now have 4/36 hp.
MASSIVE DAMAGE!! (PAUSE)
You hit the black bear but do no damage.
You constrict the black bear. The black bear bites you.
You die...

Skill      XL: |  1  2  3  4  5 |
---------------+----------------+-----
Stealth        | 3 4 5 |  5.0
Poison Magic   | 4 5 7 |  7.0
Dodging        | |  2.0
Spellcasting   | |  2.0
Transmutations | |  1.0

Action                   |  1- 3 |  4- 6 || total
-------------------------+-------+-------++-------
Melee: Whip              |    38 |       ||    38
       Unarmed           |     1 |       ||     1
       Constrict         |    13 |     3 ||    16
       Tentacles         |    13 |     3 ||    16
       Dagger            |    24 |    11 ||    35
 Cast: Sting             |    38 |    47 ||    85
       Olgreb's Toxic Ra |       |     4 ||     4
 Stab: Sleeping          |     6 |     4 ||    10
Armor: Skin              |     8 |     1 ||     9
Dodge: Dodged            |    42 |    26 ||    68
Block: Other             |    13 |       ||    13

Levels and vault maps discovered:
D:1:      ldierk_walled_garden_2, layout_loops_ring,
          shapermc_ecumenical_altar_notcrosses, minmay_unequal
D:2:      layout_loops_corners, minmay_quantized
D:3:      layout_loops_cross, minmay_box_of_dots
D:4:      layout_loops_corners, mainiacjoe_overflow_two_lobes, temple_fountains,
          enter_ossuary_2, grunt_ministairs_13, corner_web_ring,
          grunt_decor_arrowhead, minmay_joined_circles, uniq_grinder

Notes
Turn   | Place    | Note
-------+----------+-------------------------------------------
     0 | D:1      | zeratav the Octopode Venom Mage began the quest for the
                  | Orb.
     0 | D:1      | Reached XP level 1. HP: 11/11 MP: 3/3
     0 | D:1      | magus.rc [v1.9.6]
    95 | D:1      | Reached skill level 3 in Stealth
   381 | D:1      | Reached XP level 2. HP: 17/17 MP: 1/5
   435 | D:1      | Reached skill level 4 in Poison Magic
   455 | D:1      | Found a faded altar of an unknown god.
  1145 | D:1      | Reached XP level 3. HP: 15/21 MP: 6/6
  1295 | D:1      | Reached skill level 4 in Stealth
  1771 | D:2      | HP: 4/21 [hobgoblin (3)]
  1775 | D:2      | HP: 1/21 [poisoned by an adder]
  2520 | D:2      | You pick up a book of the Earth and begin reading...
  2520 | D:2      | You add the spells Leda's Liquefaction, Lee's Rapid
                  | Deconstruction and Statue Form to your library.
  2538 | D:2      | Reached XP level 4. HP: 26/27 MP: 5/7
  2746 | D:2      | Reached skill level 5 in Poison Magic
  2779 | D:2      | You add the spells Malign Gateway and Summon Horrible
                  | Things to your library.
  2984 | D:2      | Reached skill level 5 in Stealth
  3029 | D:2      | You fall into a shaft and drop 1 floor!
  3142 | D:3      | Reached XP level 5. HP: 16/31 MP: 4/8
  3987 | D:4      | Reached skill level 6 in Poison Magic
  4172 | D:4      | Found a staircase to the Ecumenical Temple.
  4181 | D:4      | Noticed a black bear
  4188 | D:4      | Learned a level 4 spell: Olgreb's Toxic Radiance
  4213 | D:4      | Reached skill level 7 in Poison Magic
  4213 | D:4      | Reached XP level 6. HP: 23/36 MP: 4/9
  4216 | D:4      | HP: 4/36 [black bear (7)]
  4217 | D:4      | Slain by a black bear

Vanquished Creatures
  A scorpion (D:4)
  A hound (D:4)
  An iguana (D:3)
  5 adders
  2 dart slugs
  4 ball pythons
  6 bats
  5 endoplasms
  3 giant cockroaches
  10 goblins
  7 hobgoblins
  9 jackals
  3 quokkas (D:2)
  2 frilled lizards (D:1)
  4 kobolds
  6 rats
69 creatures vanquished.

Vanquished Creatures (others)
  4 toadstools (D:1)
4 creatures vanquished.

Grand Total: 73 creatures vanquished

Table legend:
 A = Non-vault XP
 B = Vault XP
 C = Vault XP percentage of total XP
 D = Non-vault monster count
 E = Vault monster count
 F = Vault count percentage of total count
                 A         B        C        D         E       F
            +---------+---------+-------+---------+---------+-------
      Total |     304 |      29 |   8.7 |      58 |      11 |  15.9
            +---------+---------+-------+---------+---------+-------
        D:1 |      46 |       1 |   2.1 |      26 |       1 |   3.7
        D:2 |      66 |      11 |  14.3 |      17 |       6 |  26.1
        D:3 |      49 |       2 |   3.9 |       9 |       2 |  18.2
        D:4 |     143 |      15 |   9.5 |       6 |       2 |  25.0
            +---------+---------+-------+---------+---------+-------

Illustrated notes

Table legend:
 A = Kills in this place as a percentage of kills in entire the game.
 B = Kills by you in this place as a percentage of kills by you in the entire game.
 C = Kills by friends in this place as a percentage of kills by friends in the entire game.
 D = Other kills in this place as a percentage of other kills in the entire game.
 E = Experience gained in this place as a percentage of experience gained in the entire game.
 F = Experience gained in this place divided by the number of levels of this place that you have seen.
                   A       B       C       D       E      F
               +-------+-------+-------+-------+-------+----------------------
         Total | 100.0 | 100.0 |   N/A |   N/A | 100.0 |  83.2
       Dungeon | 100.0 | 100.0 |   N/A |   N/A | 100.0 |  83.2
               +-------+-------+-------+-------+-------+----------------------

Table legend: (Time is in decaauts)
 A = Elapsed time spent in this place.
 B = Non-inter-level travel time spent in this place.
 C = Inter-level travel time spent in this place.
 D = Time resting spent in this place.
 E = Time spent auto-exploring this place.
 F = Levels seen in this place.
 G = Mean time per level.
                   A        B        C        D        E       F      G
               +--------+--------+--------+--------+--------+-----+--------+
         Total |   4219 |   3956 |    263 |    314 |   3104 |   4 | 1054.8 |
       Dungeon |   4219 |   3956 |    263 |    314 |   3104 |   4 | 1054.8 |
               +--------+--------+--------+--------+--------+-----+--------+

Top non-repeatable levels by time:
     D:1: 1737 daAuts
     D:2: 1336 daAuts
     D:3: 863 daAuts
     D:4: 281 daAuts
